 Dungeon Crawl Stone Soup version 0.29-a0-839-g4793fd635e (webtiles) character file.

Game seed: 17936688025321094085

66 RepoMan the Charlatan (level 3, -1/15 HPs)
             Began as a Felid Artificer on July 14, 2022.
             Killed from afar by an orc wizard (10 damage)
             ... with a puff of flame
             ... on level 2 of the Dungeon.
             The game lasted 00:08:39 (1729 turns).

RepoMan the Charlatan (Felid Artificer)             Turns: 1729, Time: 00:08:40

Health: -1/15      AC:  1    Str:  8    XL:     3   Next: 96%
Magic:  4/4        EV: 18    Int: 12    God:
Gold:   63         SH:  0    Dex: 18    Spells: 2/2 levels left
                                        Lives:  0   Deaths: 0

rFire   . . .      SeeInvis +     - Unarmed
rCold   . . .      Faith    .   (shield unavailable)
rNeg    . . .      Spirit   .   (body armour unavailable)
rPois   .          Reflect  .   (helmet unavailable)
rElec   .          Harm     .   (cloak unavailable)
rCorr   .          Rampage  .   (gloves unavailable)
Will    .....                   (boots unavailable)
Stlth   ++........              (no amulet)
HPRegen 0.05/turn               (no ring)
MPRegen 0.09/turn               (no ring)

@: quick
A: very small, claws 1, fangs 3, see invisible, speed 1, shaggy fur 1, stealthy
paws, no weapons or thrown items, no armour, multi-lived
a: no special abilities


You were on level 2 of the Dungeon.
You visited 1 branch of the dungeon, and saw 2 of its levels.

You collected 63 gold pieces.

Inventory:

Wands
 a - a wand of flame (8) (quivered)
 b - a wand of charming (14)
 c - a wand of iceblast (8)
Scrolls
 d - 5 scrolls of identify {unknown}
 e - a scroll of fear {unknown}
 g - a scroll of enchant weapon {unknown}
 k - a scroll of fog {unknown}
Potions
 f - a potion of degeneration {unknown}
 h - a potion of lignification {unknown}
 i - a potion of might {unknown}
 j - a potion of curing {unknown}


   Skills:
 - Level 1.0 Fighting
 - Level 3.2 Dodging
 + Level 3.0 Stealth
 * Level 2.2 Unarmed Combat
 + Level 4.1 Evocations


You had 2 spell levels left.
You didn't know any spells.
Your spell library contained the following spells:

 Spells                   Type           Power      Damage    Failure   Level
 Cause Fear               Hex            0%         N/A       97%         4
 Dragon Form              Tmut           0%         N/A       100%        7
 Dragon's Call            Summ           0%         N/A       100%        9


Dungeon Overview and Level Annotations

Branches:
Dungeon (2/15)

Altars:

Annotations:
D:2 Sigmund


Innate Abilities, Weirdness & Mutations

You have sharp claws.
You have razor-sharp teeth.
You have supernaturally acute eyesight. (SInv)
You cover ground quickly. (Speed+)
You are covered in fur. (AC +1)
Your paws help you pounce on unaware monsters.
You are incapable of wielding weapons or throwing items.
You cannot wear armour.
You gain extra lives every three experience levels.


Message History

You resist with some effort.
You scratch the orc wizard.
You kill the orc wizard!
Your Stealth skill increases to level 3!
Your Unarmed Combat skill increases to level 2!
Your Evocations skill increases to level 4!
k - a scroll labelled ROGOOT UDWOINU
Items here: )) [ †.
Things that are here:
a +0 club; an orc corpse You start resting.
An orc wizard comes into view. It is wielding a +0 dagger.
There is a stone staircase leading up here.
You start resting.
An orc wizard is nearby!
There is a stone staircase leading down here.
The orc wizard casts a spell.
The orc wizard flickers and vanishes for a moment.
Aiming: Throw Flame
Press: ? - help, Shift-Dir - straight line, f - orc wizard
Aim: an orc wizard, wielding a +0 dagger and wearing a +0 robe (slightly transparent, 64% to hit)
The puff of flame misses the orc wizard.
You barely miss the orc wizard. Your bite misses the orc wizard.
The orc wizard barely misses you.
You scratch the orc wizard.
The orc wizard is lightly wounded.
The orc wizard hits you with a +0 dagger.
Aiming: Iceblast
Press: ? - help, Shift-Dir - straight line, p - orc wizard The mass of ice explodes!
The iceblast engulfs the orc wizard!
The orc wizard is severely wounded.
You hear a shout!
The orc wizard closely misses you.
Unknown command.
You closely miss the orc wizard.
The orc wizard is severely wounded.
The orc wizard points at you and mumbles some strange words.
The puff of flame hits you!
Ouch! That really hurt!
You die...

##........# #.# #####.......#
#.# .....).....# #.# #........#
#.# .#. #.†.....###.# ...##
##.........#.# .##....#########
#(.........#.#
....#.......[..####.######.....#
.....)........o@....# ##.####
.................######## #...#
...o..............>...<.# #.#..#
........................# #....#
................†.......# ### ##
###....)................#
.......)..........(.....#
#####..........##.......#
#############.......#


You could see an orc wizard (invisible).

Vanquished Creatures
  An orc wizard (D:2)
  2 orcs (D:2)
  4 ball pythons
  3 bats
  7 endoplasms
  A giant cockroach (D:1)
  2 goblins (D:1)
  4 hobgoblins (D:1)
  A jackal (D:1)
  3 kobolds (D:1)
  A quokka (D:1)
  A frilled lizard (D:1)
  3 rats (D:1)
33 creatures vanquished.

Vanquished Creatures (others)
  A jackal (D:1)
1 creature vanquished.

Grand Total: 34 creatures vanquished

Notes
Turn   | Place    | Note
-------+----------+-------------------------------------------
     0 | D:1      | RepoMan the Felid Artificer began the quest for the Orb.
     0 | D:1      | Reached XP level 1. HP: 9/9 MP: 2/2
   482 | D:1      | Reached XP level 2. HP: 12/12 MP: 3/3
   547 | D:1      | Found a faded altar of an unknown god.
   584 | D:1      | Reached skill level 1 in Unarmed Combat
  1226 | D:1      | Reached XP level 3. HP: 15/15 MP: 4/4
  1605 | D:2      | Noticed Sigmund
  1688 | D:2      | Reached skill level 4 in Evocations
  1729 | D:2      | Killed from afar by an orc wizard

Illustrated notes

Levels and vault maps discovered:
D:1:      dpeg_arrival_rhombi, layout_basic, basic_ecumenical_altar
D:2:      minmay_skewed_foursquare, layout_rooms, uniq_terence, uniq_sigmund

Skill      XL: |  1  2  3 |
---------------+----------+-----
Stealth        | 2 3 |  3.0
Unarmed Combat | 1 2 |  2.2
Evocations     | 4 |  4.1
Fighting       | |  1.0
Dodging        | |  3.2

Action                   || total
-------------------------++-------
Melee: Unarmed           ||   110
       Bite              ||     8
       Punch             ||     1
Evoke: Wand              ||     9
 Stab: Sleeping          ||     5
       Distracted        ||     1
Armor: Skin              ||     1
Dodge: Dodged            ||    77

Table legend: (Time is in decaauts)
 A = Elapsed time spent in this place.
 B = Non-inter-level travel time spent in this place.
 C = Inter-level travel time spent in this place.
 D = Time resting spent in this place.
 E = Time spent auto-exploring this place.
 F = Levels seen in this place.
 G = Mean time per level.
                   A        B        C        D        E       F      G
               +--------+--------+--------+--------+--------+-----+--------+
         Total |   1562 |   1554 |      8 |    715 |    426 |   2 |  781.0 |
       Dungeon |   1562 |   1554 |      8 |    715 |    426 |   2 |  781.0 |
               +--------+--------+--------+--------+--------+-----+--------+

Top non-repeatable levels by time:
     D:1: 1418 daAuts
     D:2: 143 daAuts
